 Dungeon Crawl Stone Soup version 0.25.1-1-g288607f5aa (webtiles) character file.

Game seed: 14858186330896701393

724 protoss039 the Magician (level 7, -6/36 HPs)
             Began as a Deep Elf Earth Elementalist on July 21, 2020.
             Was an Initiate of Sif Muna.
             Splashed by Ijyb's acid (15 damage)
             ... on level 5 of the Dungeon.
             The game lasted 00:11:57 (4825 turns).

protoss039 the Magician (DEEE)                      Turns: 4825, Time: 00:12:00

Health: -6/36      AC:  1    Str:  5    XL:     7   Next: 43%
Magic:  5/20       EV: 13    Int: 22    God:    Sif Muna [......]
Gold:   182        SH:  0    Dex: 15    Spells: 6/21 levels left

rFire    . . .     SeeInvis .   s - +1 short sword (vamp)
rCold    . . .     Gourm    .   (no shield)
rNeg     . . .     Faith    .   c - +0 robe
rPois    .         Spirit   .   (no helmet)
rElec    .         Reflect  .   n - +0 cloak
rCorr    .         Harm     .   f - +1 pair of gloves
MR       .....                  (no boots)
Stlth    ++........             o - amulet of magic regeneration
HPRegen  0.12/turn              (no ring)
MPRegen  0.42/turn              (no ring)

@: corroded
A: no striking features
a: Renounce Religion


You were on level 5 of the Dungeon.
You worshipped Sif Muna.
Sif Muna was noncommittal.
You were hungry.

You visited 1 branch of the dungeon, and saw 5 of its levels.

You collected 182 gold pieces.

Inventory:

Hand Weapons
 s - a +1 vampiric short sword (weapon)
Missiles
 b - 175 stones (quivered)
Armour
 c - a +0 robe (worn)
 f - a +1 pair of gloves (worn)
 n - a +0 cloak (worn)
Jewellery
 g - a +6 ring of dexterity {unknown}
 o - an amulet of magic regeneration (around neck)
Wands
 h - a wand of paralysis (10)
 v - a wand of iceblast (9)
Scrolls
 e - 3 scrolls of teleportation {unknown}
 i - 2 scrolls of blinking {unknown}
 j - 4 scrolls of remove curse {unknown}
 k - 5 scrolls of identify {unknown}
 r - a scroll of magic mapping {unknown}
 w - a scroll of fear {unknown}
Potions
 a - a potion of cancellation {unknown}
 l - 2 potions of heal wounds
 m - a potion of magic {unknown}
 p - a potion of flight {unknown}
 q - a potion of mutation {unknown}
 t - a potion of resistance {unknown}
 u - a potion of curing {unknown}
Comestibles
 d - 12 rations


   Skills:
 - Level 3.0 Dodging
 - Level 3.0 Stealth
 + Level 7.6 Spellcasting
 + Level 1.8 Conjurations
 - Level 1.1 Transmutations
 + Level 6.7 Earth Magic
 * Level 1.5 Invocations


You had 6 spell levels left.
You knew the following spells:

 Your Spells              Type           Power        Failure   Level  Hunger
a - Sandblast             Erth           #####.       1%          1    None
b - Passwall              Tmut/Erth      ####....     2%          2    None
c - Stone Arrow           Conj/Erth      ####..       4%          3    None
d - Petrify               Tmut/Erth      ####....     16%         4    ###....
e - Lee's Rapid Deconstr  Erth           #####.....   14%         5    #####..

Your spell library contained the following spells:

 Spells                   Type           Power        Failure   Level  Hunger


Dungeon Overview and Level Annotations

Branches:
Dungeon (5/15)
 Temple: D:4-7

Altars:
Ashenzari
Sif Muna
Yredelemnul

Annotations:
D:5 Ijyb


Message History

Press: ? - help, Shift-Dir - straight line, f/p - Ijyb
Aim: Ijyb, wearing a +0 ring mail and carrying a wand of acid (2) (moderately wounded)
The stone arrow misses Ijyb.
Ijyb zaps a wand.
The bolt of acid hits you!
You are splashed with acid!
* * * LOW HITPOINT WARNING * * *
Unknown command.
You feel much better. Ijyb closely misses you.
Unknown command.
Casting: Stone Arrow (dangerous; 4% risk of failure)
Confirm with . or Enter, or press ? or * to list all spells.
Aiming: Stone Arrow (dangerous; 4% risk of failure)
Press: ? - help, Shift-Dir - straight line, f/p - Ijyb
Aim: Ijyb, wearing a +0 ring mail and carrying a wand of acid (1) (moderately wounded)
The stone arrow hits Ijyb!
Ijyb is almost dead.
Ijyb zaps a wand.
The bolt of acid hits you!!
Ouch! That really hurt!
* * * LOW HITPOINT WARNING * * *
The acid corrodes you!
You are splashed with acid!
You die...

#...### ##...#..#
......
##....#....#
.......
##..#.###.#..
..5.... #..##.#
.##.. #.......
#.###.# .. ..
#........#.###.#
.# ..........#.#.#
.###..........##
.........@....#
.....#....g....#
#.###.............
. #........†.##.
#...........#
#............#
#..........#..
..............


You could see Ijyb.

Vanquished Creatures
  Grinder (D:3)
  An ogre (D:5)
  A big kobold (D:5)
  2 crimson imps (D:5)
  2 hounds (D:4)
  An orc wizard (D:4)
  An iguana (D:5)
  3 gnolls
  4 adders
  A shadow imp (D:2)
  3 worms
  A leopard gecko (D:5)
  8 orcs
  A ball python (D:2)
  7 bats
  4 giant cockroaches
  6 goblins
  9 hobgoblins
  9 jackals
  5 frilled lizards
  A giant cockroach zombie (D:4)
  10 kobolds
  A quokka zombie (D:5)
  10 rats
92 creatures vanquished.

Vanquished Creatures (others)
  An orc wizard (D:4)
1 creature vanquished.

Grand Total: 93 creatures vanquished

Notes
Turn   | Place    | Note
-------+----------+-------------------------------------------
     0 | D:1      | protoss039 the Deep Elf Earth Elementalist began the quest
                  | for the Orb.
     0 | D:1      | Reached XP level 1. HP: 10/10 MP: 6/6
   522 | D:1      | Reached XP level 2. HP: 15/15 MP: 8/8
  1183 | D:1      | Reached XP level 3. HP: 19/19 MP: 9/9
  1509 | D:1      | Learned a level 2 spell: Passwall
  1515 | D:2      | Learned a level 3 spell: Stone Arrow
  1854 | D:2      | Reached XP level 4. HP: 23/24 MP: 8/11
  2112 | D:2      | Reached skill level 4 in Spellcasting
  2841 | D:3      | Found a basalt altar of Yredelemnul.
  2922 | D:3      | Noticed Grinder
  2932 | D:3      | Killed Grinder
  2932 | D:3      | Reached skill level 6 in Spellcasting
  2932 | D:3      | Reached skill level 5 in Earth Magic
  2932 | D:3      | Reached XP level 5. HP: 28/28 MP: 10/15
  2932 | D:3      | Reached XP level 6. HP: 32/32 MP: 11/17
  3185 | D:3      | Learned a level 4 spell: Petrify
  3191 | D:3      | Learned a level 5 spell: Lee's Rapid Deconstruction
  3412 | D:4      | Found a shattered altar of Ashenzari.
  3560 | D:4      | Reached skill level 1 in Conjurations
  3934 | D:4      | Found a shimmering blue altar of Sif Muna.
  4171 | D:4      | Became a worshipper of Sif Muna the Loreminder
  4440 | D:5      | Entered Level 5 of the Dungeon
  4588 | D:5      | Reached skill level 7 in Spellcasting
  4588 | D:5      | Reached XP level 7. HP: 35/36 MP: 12/19
  4599 | D:5      | Reached skill level 1 in Invocations
  4815 | D:5      | Noticed Ijyb
  4825 | D:5      | Splashed by Ijyb's acid

Illustrated notes

Levels and vault maps discovered:
D:1:      sevenhm_arrival_forest_fort_small_4, layout_basic, hex_intersection
D:2:      minmay_wonky_spiral, layout_basic, minmay_split_cup_small
D:3:      layout_rooms, old_standard_altar, uniq_grinder
D:4:      minmay_door_path, layout_basic, led_sif_book, first_ration,
          grunt_ministairs_5, ashenzari_altar_1
D:5:      layout_rooms, chequers_temple_overflow_statue_of_worship,
          temple_statues, uniq_ijyb

Skill      XL: |  1  2  3  4  5  6  7 |
---------------+----------------------+-----
Stealth        | 3 |  3.0
Dodging        | 3 |  3.0
Earth Magic    | 4 5 6 |  6.7
Spellcasting   | 6 7 |  7.6
Conjurations   | 1 |  1.8
Invocations    | 1 |  1.5
Transmutations | |  1.1

Action                   |  1- 3 |  4- 6 |  7- 9 || total
-------------------------+-------+-------+-------++-------
Melee: Spear             |    65 |       |       ||    65
       Unarmed           |     3 |       |       ||     3
       Dagger            |    12 |    30 |       ||    42
       Short sword       |       |    14 |     2 ||    16
 Cast: Sandblast         |    29 |    46 |     2 ||    77
       Stone Arrow       |       |    21 |    16 ||    37
       Lee's Rapid Decon |       |     1 |       ||     1
  Use: Potion            |       |       |     2 ||     2
 Stab: Sleeping          |     5 |     3 |       ||     8
  Eat: Chunk             |     3 |     9 |       ||    12
Armor: Robe              |    17 |    24 |     1 ||    42
Dodge: Dodged            |    70 |    60 |     5 ||   135
